Map: [ESL] Waterfall

Players

ByuN

  • Race: Terran Terran
  • Spawn Location: 1:00

Bunny - Winner!

  • Race: Terran Terran
  • Spawn Location: 7:00

Event: DreamHack SC2 Masters 2022 Valencia

VOD

Have the link to the VOD?

Description

Time

  • Played on: July 2, 2022, 5:39 a.m.
  • Length: 8:47

All games in this series

Show
View Real Time Build Order
Export as new Build Order

ByuN Terran 

Build Orders:  

Get SALT Encoding   

  12  0:00  SCV  
  13  0:12  SCV  
  14  0:17  Supply Depot  
  14  0:24  SCV  
  15  0:38  SCV  
  15  0:39  Barracks  
  16  0:43  Refinery  
  16  0:50  SCV  
  16  0:54  Refinery  
  17  1:03  SCV  
  18  1:15  SCV  
  19  1:26  Reaper  
  19  1:27  Orbital Command  
  19  1:31  Supply Depot  
  20  1:41  Factory  
  20  1:53  SCV  
  21  1:58  Reaper  
  22  2:05  SCV  
  23  2:17  SCV  
  23  2:21  Command Center  
  24  2:26  Hellion  
  24  2:29  SCV  
  27  2:31  Barracks Reactor  
  27  2:40  Starport  
  27  2:42  SCV  
  28  2:48  Supply Depot  
  28  2:53  Widow Mine  
  28  2:55  SCV  
  31  3:09  SCV, Marine x2  
  34  3:14  Factory Tech Lab  
  34  3:17  Medivac  
  36  3:21  SCV  
  37  3:27  Marine x2  
  37  3:32  Orbital Command  
  37  3:34  SCV  
  40  3:40  Refinery  
  40  3:41  Factory Tech Lab  
  40  3:46  SCV, Marine  
  40  3:47  Marine  
  43  3:53  Raven  
  45  3:58  SCV x2  
  45  4:00  Cyclone  
  50  4:04  Supply Depot  
  50  4:10  SCV x2  
  50  4:11  Marine  
  53  4:20  Marine  
  53  4:23  Supply Depot  
  54  4:26  SCV  
  54  4:27  SCV  
  54  4:29  Marine  
  57  4:37  Siege Tank  
  60  4:40  Raven  
  60  4:41  Supply Depot  
  60  4:45  SCV x2  
  64  4:49  Marine x2  
  66  4:57  SCV x2  
  68  5:04  Supply Depot  
  68  5:09  SCV x2, Command Center  
  68  5:12  Siege Tank  
  68  5:13  Marine x2  
  75  5:21  SCV x2  
  75  5:23  Refinery  
  77  5:28  Supply Depot  
  77  5:33  SCV  
  77  5:34  SCV  
  79  5:38  Viking x2  
  79  5:40  Stimpack  
  85  5:50  Siege Tank  
  85  5:51  SCV x2  
  85  5:52  Supply Depot, Marine  
  89  6:09  SCV, Marine  
  86  6:13  Barracks  
  86  6:14  Barracks  
  86  6:16  SCV  
  85  6:19  Viking x2  
  85  6:21  SCV  
  85  6:23  Engineering Bay  
  85  6:25  Orbital Command  
  90  6:26  Engineering Bay  
  90  6:30  Marine  
  90  6:33  SCV  
  90  6:34  Siege Tank  
  90  6:38  SCV  
  94  6:45  SCV  
  93  6:48  Marine  
  93  6:50  SCV  
  94  6:55  Viking  
  94  6:57  SCV  
  94  6:59  SCV  
  98  7:02  SCV  
  98  7:05  Barracks Reactor x2  
  98  7:06  Siege Tank  
  102  7:09  SCV  
  102  7:11  SCV  
  102  7:13  Marine  
  102  7:14  SCV  
  106  7:21  SCV  
  107  7:23  SCV, Sensor Tower  
  107  7:25  Combat Shield  
  107  7:26  SCV  
  109  7:31  Marine  
  109  7:32  Refinery x2  
  109  7:35  Supply Depot  
  110  7:40  SCV x3  
  110  7:42  Marine  
  110  7:43  Marine x3  
  117  7:44  Supply Depot  
  117  7:48  Medivac  
  117  7:49  Marine  
  108  7:54  SCV x2  
  108  7:55  Siege Tank  
  108  7:57  SCV  
  109  8:00  Marine x2  
  109  8:01  Marine x2  
  108  8:06  SCV x2  
  108  8:07  Marine  
  108  8:09  SCV  
  92  8:18  SCV x2, Marine x3  
  92  8:19  Marine  
  74  8:24  Marine  
  80  8:30  SCV x2  
  82  8:43  Barracks  
Show
View Real Time Build Order
Export as new Build Order

Bunny Terran - Winner!

Build Orders:  

Get SALT Encoding   

  12  0:00  SCV  
  13  0:12  SCV  
  14  0:17  Supply Depot  
  14  0:24  SCV  
  15  0:38  SCV  
  15  0:40  Barracks  
  15  0:42  Refinery  
  16  0:50  SCV  
  16  0:52  Refinery  
  17  1:02  SCV  
  18  1:15  SCV  
  19  1:27  Orbital Command, Reaper  
  19  1:32  Supply Depot  
  20  1:40  Factory  
  20  1:52  SCV  
  21  1:59  Reaper  
  22  2:04  SCV  
  23  2:15  Command Center  
  23  2:18  SCV  
  24  2:24  Hellion  
  26  2:30  SCV  
  26  2:31  Reaper  
  26  2:36  Supply Depot  
  28  2:42  SCV  
  29  2:46  Widow Mine  
  29  2:50  Starport  
  31  2:58  SCV  
  32  3:04  Barracks Reactor  
  32  3:07  Factory Tech Lab  
  32  3:10  SCV  
  33  3:22  SCV  
  33  3:26  Starport Tech Lab, Cyclone  
  37  3:27  Orbital Command, Refinery  
  37  3:34  SCV  
  37  3:40  Marine x2  
  40  3:46  SCV  
  41  3:53  Raven  
  41  3:54  SCV  
  44  3:57  Marine  
  44  3:58  SCV, Marine  
  47  4:04  Supply Depot  
  47  4:06  SCV  
  48  4:10  SCV  
  48  4:13  Siege Tank  
  48  4:15  Marine x2  
  52  4:21  SCV  
  52  4:22  SCV  
  53  4:33  Marine x2  
  53  4:37  SCV x2  
  56  4:40  Raven  
  56  4:41  Supply Depot  
  58  4:49  SCV x2  
  60  4:53  Marine x2  
  60  4:59  Supply Depot  
  62  5:02  SCV x2, Siege Tank  
  67  5:11  Supply Depot, Marine x2  
  69  5:14  SCV  
  71  5:21  SCV  
  71  5:22  Supply Depot  
  71  5:26  SCV  
  72  5:29  Command Center  
  72  5:33  SCV  
  72  5:34  Siege Tank  
  76  5:37  Viking  
  76  5:41  Viking  
  80  5:44  Marine  
  80  5:45  Refinery  
  80  5:47  SCV  
  80  5:48  SCV  
  83  5:51  Supply Depot  
  81  6:05  Marine  
  81  6:08  Siege Tank  
  81  6:09  Viking  
  87  6:11  Viking  
  87  6:12  SCV  
  87  6:13  SCV  
  88  6:21  Supply Depot  
  88  6:22  Supply Depot  
  88  6:23  Marine  
  88  6:24  SCV  
  88  6:25  SCV  
  91  6:37  SCV x2  
  91  6:39  Viking  
  94  6:41  Viking, Marine  
  94  6:46  Siege Tank  
  94  6:57  SCV x2  
  94  7:00  Marine  
  97  7:07  Stimpack  
  97  7:09  Engineering Bay x2, SCV  
  97  7:10  SCV  
  97  7:11  Barracks  
  97  7:12  Barracks  
  97  7:14  Viking  
  101  7:18  Siege Tank  
  101  7:19  Viking  
  106  7:23  Orbital Command  
  106  7:26  Marine  
  106  7:27  SCV  
  106  7:29  SCV  
  109  7:39  SCV  
  109  7:41  SCV  
  111  7:46  Viking  
  111  7:51  SCV  
  114  7:53  SCV  
  114  7:54  Viking  
  100  8:16  Viking  
  100  8:18  SCV x3  
  100  8:21  Barracks Reactor x2  
  100  8:26  Barracks, Marine  
  101  8:27  Barracks  
  101  8:32  Refinery x2  
  101  8:35  Sensor Tower  
  104  8:44  Command Center  

Tags
 
Add a new tag
Caveats
  • Supply blocks, unpowered buildings, or Contaminate may cause inaccurate times.
  • Supply counts are checked every 10 seconds.